| TOP OF THE 1ST |
|
San Diego Padres batting - Pitching for Chicago Cubs : RHP Edwin Rivera
|
|
Pitching: RHP Edwin Rivera
|
|
|
Batting: RHB Hildo Pot
|
0-0: Ball 1-0: SINGLE (Groundball, 56, EV 102.5 MPH) (infield hit)
|
|
Batting: SHB Phil Zacharia
|
0-0: Ball 1-0: Foul Ball, location: 2F 1-1: Called Strike 1-2: Foul Ball, location: 2F 1-2: Ball 2-2: Grounds into double play, 6-4-3 (Groundball, 6, EV 79.4 MPH)
|
|
Batting: RHB Manny Vergara
|
0-0: Swinging Strike 0-1: Ball 1-1: Ball 2-1: SINGLE (Groundball, 6, EV 101.2 MPH) (infield hit)
|
|
Batting: RHB Hugo Bautista
|
0-0: Swinging Strike 0-1: Ball 1-1: Ball 2-1: Ball 3-1: Foul Ball, location: 2F 3-2: Foul Ball, location: 2F 3-2: Foul Ball, location: 2F 3-2: Foul Ball, location: 2F 3-2: Strikes out swinging
|
| Top of the 1st over - 0 runs, 2 hits, 0 errors, 1 left on base; San Diego 0 - Chicago 0 |
| BOTTOM OF THE 1ST |
|
Chicago Cubs batting - Pitching for San Diego Padres : RHP Matt Decker
|
|
Pitching: RHP Matt Decker
|
|
|
Batting: SHB Moe Lester
|
0-0: Ball 1-0: Foul Ball, location: 2F 1-1: Ball 2-1: Ball 3-1: Called Strike 3-2: Strikes out swinging
|
|
Batting: LHB Kevin Norton
|
0-0: Ball 1-0: Called Strike 1-1: Ball 2-1: Foul Ball, location: 2F 2-2: SOLO HOME RUN (Flyball, 7LD, EV 96.9 MPH), Distance : 388 ft
|
|
Batting: RHB Efrain Vargas
|
0-0: Called Strike 0-1: Reached via error on a dropped throw from 1B, E1 (Groundball, 34, EV 82.5 MPH)
|
|
Batting: RHB Jose Balderrama
|
0-0: Called Strike 0-1: Ball 1-1: Ball 2-1: Ball 3-1: Base on Balls Efrain Vargas to second
|
|
Batting: RHB Alan Oxenrider
|
0-0: Foul Ball, location: 2F 0-1: 3-RUN HOME RUN (Flyball, 7D, EV 98.1 MPH), Distance : 373 ft
|
|
Batting: RHB Heef Harted
|
0-0: Foul Ball, location: 2F 0-1: Ball 1-1: Called Strike 1-2: Ball 2-2: Ball 3-2: DOUBLE (Flyball, 89XD, EV 100.6 MPH)
|
|
Batting: LHB Andy Arbuckle
|
0-0: Called Strike 0-1: Called Strike 0-2: Foul Ball, location: 2F 0-2: Strikes out swinging
|
|
Batting: LHB Barend van der Kamp
|
0-0: Ball 1-0: Ball 2-0: Foul Ball, location: 2F 2-1: TRIPLE (Flyball, 9D, EV 93.8 MPH) Heef Harted scores
|
|
Batting: RHB Adam Kelliher
|
0-0: Called Strike 0-1: Ball 1-1: Foul Ball, location: 2F 1-2: Strikes out swinging
|
| Bottom of the 1st over - 5 runs, 4 hits, 1 error, 1 left on base; San Diego 0 - Chicago 5 |
| TOP OF THE 2ND |
|
San Diego Padres batting - Pitching for Chicago Cubs : RHP Edwin Rivera
|
|
Batting: RHB Kaeo Zirpoli
|
0-0: Ball 1-0: Called Strike 1-1: Called Strike 1-2: Strikes out swinging
|
|
Batting: RHB Elijah Campbell
|
0-0: Called Strike 0-1: Ball 1-1: Ball 2-1: Ground out 6-3 (Groundball, 6, EV 86.2 MPH)
|
|
Batting: LHB Mike Holt
|
0-0: Called Strike 0-1: Ball 1-1: Called Strike 1-2: Foul Ball, location: 2F 1-2: Fly out, F7 (Line Drive, 7, EV 88.1 MPH)
|
| Top of the 2nd over - 0 runs, 0 hits, 0 errors, 0 left on base; San Diego 0 - Chicago 5 |
| BOTTOM OF THE 2ND |
|
Chicago Cubs batting - Pitching for San Diego Padres : RHP Matt Decker
|
|
Batting: SHB Moe Lester
|
0-0: Called Strike 0-1: Ball 1-1: Ball 2-1: Swinging Strike 2-2: Strikes out swinging
|
|
Batting: LHB Kevin Norton
|
0-0: Ball 1-0: Fly out, F9 (Flyball, 9D, EV 100.0 MPH)
|
|
Batting: RHB Efrain Vargas
|
0-0: Called Strike 0-1: Ball 1-1: Called Strike 1-2: Strikes out looking
|
| Bottom of the 2nd over - 0 runs, 0 hits, 0 errors, 0 left on base; San Diego 0 - Chicago 5 |
| TOP OF THE 3RD |
|
San Diego Padres batting - Pitching for Chicago Cubs : RHP Edwin Rivera
|
|
Batting: RHB Eisse Bravenboer
|
0-0: Fly out, F9 (Flyball, 9S, EV 73.1 MPH)
|
|
Batting: RHB Luis Torres
|
0-0: Ball 1-0: Called Strike 1-1: DOUBLE (Line Drive, 89D, EV 108.8 MPH)
|
|
Batting: RHB Hildo Pot
|
0-0: Ball 1-0: Called Strike 1-1: Ball 2-1: Foul Ball, location: 2F 2-2: Ball 3-2: Fly out, F9 (Line Drive, 89S, EV 95.0 MPH)
|
|
Batting: SHB Phil Zacharia
|
0-0: Called Strike 0-1: Fly out, F7 (Flyball, 78M, EV 91.9 MPH)
|
| Top of the 3rd over - 0 runs, 1 hit, 0 errors, 1 left on base; San Diego 0 - Chicago 5 |
| BOTTOM OF THE 3RD |
|
Chicago Cubs batting - Pitching for San Diego Padres : RHP Matt Decker
|
|
Batting: RHB Jose Balderrama
|
0-0: Ball 1-0: Ball 2-0: Called Strike 2-1: Foul Ball, location: 2F 2-2: Ball 3-2: Base on Balls
|
|
Batting: RHB Alan Oxenrider
|
0-0: Ball 1-0: Ball 2-0: Called Strike 2-1: Grounds into double play, 6-4-3 (Groundball, 6M, EV 83.8 MPH)
|
|
Batting: RHB Heef Harted
|
0-0: Ball 1-0: Ball 2-0: Ball 3-0: Base on Balls
|
|
Batting: LHB Andy Arbuckle
|
0-0: Called Strike 0-1: Fly out, F4 (Line Drive, 4, EV 71.9 MPH)
|
| Bottom of the 3rd over - 0 runs, 0 hits, 0 errors, 1 left on base; San Diego 0 - Chicago 5 |
| TOP OF THE 4TH |
|
San Diego Padres batting - Pitching for Chicago Cubs : RHP Edwin Rivera
|
|
Batting: RHB Manny Vergara
|
0-0: Foul Ball, location: 2F 0-1: Foul Ball, location: 2F 0-2: DOUBLE (Line Drive, 78D, EV 109.4 MPH)
|
|
Batting: RHB Hugo Bautista
|
0-0: Ball 1-0: Swinging Strike 1-1: Swinging Strike 1-2: Strikes out looking
|
|
Batting: RHB Kaeo Zirpoli
|
0-0: Ball 1-0: Swinging Strike 1-1: Called Strike 1-2: Strikes out swinging
|
|
Batting: RHB Elijah Campbell
|
0-0: Ball 1-0: Ball 2-0: SINGLE (Groundball, 6MD, EV 105.0 MPH) Manny Vergara to third Runner from 3rd tries for Home, SAFE, throw by CF to home
|
|
Batting: LHB Mike Holt
|
0-0: Foul Ball, location: 2F 0-1: Called Strike 0-2: Ball 1-2: Fly out, F8 (Flyball, 78M, EV 93.8 MPH)
|
| Top of the 4th over - 1 run, 2 hits, 0 errors, 1 left on base; San Diego 1 - Chicago 5 |
| BOTTOM OF THE 4TH |
|
Chicago Cubs batting - Pitching for San Diego Padres : RHP Matt Decker
|
|
Batting: LHB Barend van der Kamp
|
0-0: Ball 1-0: Ground out U3 (Groundball, 34D, EV 85.0 MPH)
|
|
Batting: RHB Adam Kelliher
|
0-0: Ball 1-0: Ball 2-0: SINGLE (Groundball, 6S, EV 73.8 MPH) (infield hit)
|
|
Batting: SHB Moe Lester
|
0-0: Ball Adam Kelliher steals 2nd base 1-0: Ball 2-0: Ball 3-0: Called Strike 3-1: Base on Balls
|
|
Batting: LHB Kevin Norton
|
0-0: Called Strike 0-1: Grounds into double play, 6-4-3 (Groundball, 6, EV 85.0 MPH)
|
| Bottom of the 4th over - 0 runs, 1 hit, 0 errors, 1 left on base; San Diego 1 - Chicago 5 |
| TOP OF THE 5TH |
|
San Diego Padres batting - Pitching for Chicago Cubs : RHP Edwin Rivera
|
|
Batting: RHB Eisse Bravenboer
|
0-0: Ball 1-0: Swinging Strike 1-1: Called Strike 1-2: Strikes out looking
|
|
Batting: RHB Luis Torres
|
0-0: Ball 1-0: Ball 2-0: Ball 3-0: Base on Balls
|
|
Batting: RHB Hildo Pot
|
0-0: Swinging Strike 0-1: Grounds into double play, 6-4-3 (Groundball, 6, EV 99.4 MPH)
|
| Top of the 5th over - 0 runs, 0 hits, 0 errors, 0 left on base; San Diego 1 - Chicago 5 |
| BOTTOM OF THE 5TH |
|
Chicago Cubs batting - Pitching for San Diego Padres : RHP Matt Decker
|
|
Batting: RHB Efrain Vargas
|
0-0: Ball 1-0: Foul Ball, location: 2F 1-1: Ball 2-1: Foul Ball, location: 2F 2-2: Ground out 6-3 (Groundball, 6, EV 90.6 MPH)
|
|
Batting: RHB Jose Balderrama
|
0-0: Ball 1-0: Ball 2-0: Ball 3-0: Base on Balls
|
|
Pitching: LHP Randolph Rayner
|
|
|
Batting: RHB Alan Oxenrider
|
0-0: Called Strike 0-1: Ball 1-1: SINGLE (Groundball, 3D, EV 96.9 MPH) Jose Balderrama to second Runner from 2nd tries for 3rd, OUT! 9-5 Alan Oxenrider to second
|
|
Batting: RHB Heef Harted
|
0-0: SINGLE (Groundball, 6MD, EV 95.0 MPH) Alan Oxenrider to third Runner from 3rd tries for Home, SAFE, throw by CF to home
|
|
Batting: LHB Andy Arbuckle
|
0-0: Fly out, F9 (Flyball, 89D, EV 99.4 MPH)
|
| Bottom of the 5th over - 1 run, 2 hits, 0 errors, 1 left on base; San Diego 1 - Chicago 6 |
| TOP OF THE 6TH |
|
San Diego Padres batting - Pitching for Chicago Cubs : RHP Edwin Rivera
|
|
Batting: SHB Phil Zacharia
|
0-0: Called Strike 0-1: Called Strike 0-2: Ball 1-2: SINGLE (Groundball, 5S, EV 67.5 MPH) (infield hit)
|
|
Batting: RHB Manny Vergara
|
0-0: Ball Wild Pitch! Phil Zacharia to second 1-0: Ball 2-0: Fly out, F7 (Line Drive, 7, EV 91.2 MPH)
|
|
Batting: RHB Hugo Bautista
|
0-0: Called Strike 0-1: Foul Ball, location: 2F 0-2: Foul Ball, location: 2F 0-2: Ball 1-2: Ball 2-2: Foul Ball, location: 2F 2-2: Foul Ball, location: 2F 2-2: Ball 3-2: Ground out U3 (Groundball, 13, EV 83.8 MPH) Phil Zacharia to third
|
|
Batting: RHB Kaeo Zirpoli
|
0-0: Ball 1-0: Ball 2-0: Ball 3-0: Called Strike 3-1: Ground out U3 (Groundball, 3L, EV 89.4 MPH)
|
| Top of the 6th over - 0 runs, 1 hit, 0 errors, 1 left on base; San Diego 1 - Chicago 6 |
| BOTTOM OF THE 6TH |
|
Chicago Cubs batting - Pitching for San Diego Padres : LHP Randolph Rayner
|
|
Batting: LHB Barend van der Kamp
|
0-0: Ball 1-0: Ball 2-0: Swinging Strike 2-1: Swinging Strike 2-2: Strikes out looking
|
|
Batting: RHB Adam Kelliher
|
0-0: Ball 1-0: Called Strike 1-1: Ball 2-1: TRIPLE (Flyball, 89XD, EV 98.8 MPH)
|
|
Batting: SHB Moe Lester
|
0-0: Ball 1-0: Foul Ball, location: 2F 1-1: Foul Ball, location: 2F 1-2: Foul Ball, location: 2F 1-2: Ball 2-2: Ball 3-2: Base on Balls
|
|
Batting: LHB Kevin Norton
|
0-0: Swinging Strike 0-1: Fly out, F9 (Flyball, 89M, EV 86.2 MPH)
|
|
Batting: RHB Efrain Vargas
|
0-0: Foul Ball, location: 2F 0-1: Ball 1-1: 3-RUN HOME RUN (Flyball, 78XD, EV 103.8 MPH), Distance : 398 ft
|
|
Batting: RHB Jose Balderrama
|
0-0: Ball 1-0: Called Strike 1-1: Ball 2-1: Ball 3-1: Base on Balls
|
|
Batting: RHB Alan Oxenrider
|
0-0: Fly out, F8 (Flyball, 8LD, EV 76.2 MPH)
|
| Bottom of the 6th over - 3 runs, 2 hits, 0 errors, 1 left on base; San Diego 1 - Chicago 9 |
| TOP OF THE 7TH |
|
San Diego Padres batting - Pitching for Chicago Cubs : RHP Edwin Rivera
|
|
Batting: RHB Elijah Campbell
|
0-0: Ball 1-0: Foul Ball, location: 2F 1-1: Foul Ball, location: 2F 1-2: Foul Ball, location: 2F 1-2: SINGLE (Groundball, 4D, EV 107.5 MPH)
|
|
Pinch Hitting: LHB Carlos Cuellar
|
0-0: Ball 1-0: Foul Ball, location: 2F 1-1: Foul Ball, location: 2F 1-2: Foul Ball, location: 2F 1-2: Fly out, F8 (Line Drive, 8LM, EV 93.8 MPH)
|
|
Pitching: RHP Steve DiDomenico
|
|
|
Batting: RHB Eisse Bravenboer
|
0-0: SINGLE (Line Drive, 9S, EV 100.0 MPH) Elijah Campbell to second
|
|
Batting: RHB Luis Torres
|
0-0: Foul Ball, location: 2F 0-1: Ball 1-1: Fly out, F8 (Line Drive, 8LM, EV 92.5 MPH)
|
|
Batting: RHB Hildo Pot
|
0-0: Ball 1-0: Called Strike 1-1: SINGLE (Line Drive, 78S, EV 92.5 MPH) Elijah Campbell to third Eisse Bravenboer to second Runner from 3rd tries for Home, SAFE, throw by LF to home
|
|
Batting: SHB Phil Zacharia
|
0-0: SINGLE (Groundball, 6MD, EV 102.5 MPH) Eisse Bravenboer to third Hildo Pot to second Runner from 3rd tries for Home, SAFE, throw by CF to home
|
|
Batting: RHB Manny Vergara
|
0-0: SINGLE (Groundball, 6MD, EV 94.4 MPH) Hildo Pot to third Phil Zacharia to second Runner from 3rd tries for Home, SAFE, throw by CF to home
|
|
Batting: RHB Hugo Bautista
|
0-0: Swinging Strike 0-1: Swinging Strike 0-2: Ball 1-2: Strikes out swinging
|
| Top of the 7th over - 3 runs, 5 hits, 0 errors, 2 left on base; San Diego 4 - Chicago 9 |
| BOTTOM OF THE 7TH |
|
Chicago Cubs batting - Pitching for San Diego Padres : LHP Randolph Rayner
|
|
Pitching: RHP Angelo Radford
|
|
|
Now in RF: Carlos Cuellar
|
|
|
Batting: RHB Heef Harted
|
0-0: Foul Ball, location: 2F 0-1: Swinging Strike 0-2: Foul Ball, location: 2F 0-2: Foul Ball, location: 2F 0-2: Ball 1-2: Foul Ball, location: 2F 1-2: Strikes out swinging
|
|
Batting: LHB Andy Arbuckle
|
0-0: Called Strike 0-1: Ball 1-1: SINGLE (Line Drive, 7LM, EV 104.4 MPH)
|
|
Batting: LHB Barend van der Kamp
|
0-0: Called Strike 0-1: Swinging Strike 0-2: Fielders Choice at 2nd, 6-4 (Groundball, 56, EV 107.5 MPH)
|
|
Batting: RHB Adam Kelliher
|
0-0: Swinging Strike 0-1: 2-RUN HOME RUN (Flyball, 78XD, EV 107.5 MPH), Distance : 411 ft
|
|
Batting: SHB Moe Lester
|
0-0: Ball 1-0: Ball 2-0: Called Strike 2-1: Called Strike 2-2: Ball 3-2: Ground out 6-3 (Groundball, 4MD, EV 100.0 MPH)
|
| Bottom of the 7th over - 2 runs, 2 hits, 0 errors, 0 left on base; San Diego 4 - Chicago 11 |
| TOP OF THE 8TH |
|
San Diego Padres batting - Pitching for Chicago Cubs : RHP Steve DiDomenico
|
|
Batting: RHB Kaeo Zirpoli
|
0-0: Ball 1-0: Foul Ball, location: 2F 1-1: Foul Ball, location: 2F 1-2: Ball 2-2: Foul Ball, location: 2F 2-2: Fly out, F8 (Flyball, 89M, EV 86.9 MPH)
|
|
Batting: RHB Elijah Campbell
|
0-0: Ball 1-0: Swinging Strike 1-1: Ball 2-1: Swinging Strike 2-2: Ball 3-2: Foul Ball, location: 2F 3-2: SINGLE (Flyball, 6D, EV 92.5 MPH)
|
|
Batting: LHB Carlos Cuellar
|
0-0: Called Strike 0-1: Ball 1-1: SINGLE (Groundball, 56D, EV 106.9 MPH) Elijah Campbell to second
|
|
Batting: RHB Eisse Bravenboer
|
0-0: Ball 1-0: Fly out, F9 (Flyball, 89S, EV 85.6 MPH)
|
|
Batting: RHB Luis Torres
|
0-0: Ball 1-0: Called Strike 1-1: Ball 2-1: Ground out 5-3 (Groundball, 5S, EV 82.5 MPH)
|
| Top of the 8th over - 0 runs, 2 hits, 0 errors, 2 left on base; San Diego 4 - Chicago 11 |
| BOTTOM OF THE 8TH |
|
Chicago Cubs batting - Pitching for San Diego Padres : RHP Angelo Radford
|
|
Pinch Hitting: SHB Tim Hone
|
0-0: Ball 1-0: Foul Ball, location: 2F 1-1: Ball 2-1: Swinging Strike 2-2: Foul Ball, location: 2F 2-2: Strikes out looking
|
|
Batting: RHB Efrain Vargas
|
0-0: Called Strike 0-1: Ball 1-1: Ball 2-1: Fly out, F9 (Flyball, 9, EV 95.6 MPH)
|
|
Batting: RHB Jose Balderrama
|
0-0: Foul Ball, location: 2F 0-1: Ball 1-1: Ground out 6-3 (Groundball, 6S, EV 78.1 MPH)
|
| Bottom of the 8th over - 0 runs, 0 hits, 0 errors, 0 left on base; San Diego 4 - Chicago 11 |
| TOP OF THE 9TH |
|
San Diego Padres batting - Pitching for Chicago Cubs : RHP Steve DiDomenico
|
|
Now in CF: Tim Hone
|
|
|
Batting: RHB Hildo Pot
|
0-0: Ball 1-0: Swinging Strike 1-1: Ball 2-1: Ball 3-1: Fly out, F7 (Flyball, 7D, EV 100.0 MPH)
|
|
Batting: SHB Phil Zacharia
|
0-0: Foul Ball, location: 2F 0-1: Called Strike 0-2: Foul Ball, location: 2F 0-2: Ball 1-2: Ball 2-2: DOUBLE (Groundball, 3L, EV 103.1 MPH)
|
|
Pitching: RHP Chris Perretta
|
|
|
Batting: RHB Manny Vergara
|
0-0: Ball 1-0: Called Strike 1-1: Ball 2-1: Ball 3-1: Foul Ball, location: 2F 3-2: Base on Balls
|
|
Pinch Hitting: RHB Wally Cangro
|
0-0: Ball 1-0: SINGLE (Groundball, 34D, EV 106.9 MPH) Phil Zacharia to third Manny Vergara to second
|
|
Batting: RHB Kaeo Zirpoli
|
0-0: Ball 1-0: Called Strike 1-1: Ball 2-1: Called Strike 2-2: Strikes out swinging
|
|
Batting: RHB Elijah Campbell
|
0-0: Ball 1-0: SINGLE (Line Drive, 7LS, EV 105.0 MPH) Phil Zacharia scores Manny Vergara to third Wally Cangro to second
|
|
Batting: LHB Carlos Cuellar
|
0-0: Ground out 3-1 (Groundball, 34S, EV 85.0 MPH)
|
| Top of the 9th over - 1 run, 3 hits, 0 errors, 3 left on base; San Diego 5 - Chicago 11 |
|